 Dungeon Crawl Stone Soup version 0.28.0-53-g5a82cb258f (webtiles) character file.

Game seed: 10781981609496199781

332 Gabide the Poker (level 6, 0/49 HPs)
             Began as a Human Monk on June 1, 2022.
             Slain by a centaur zombie (4 damage)
             ... in an ossuary.
             The game lasted 00:06:47 (4478 turns).

Gabide the Poker (Human Monk)                       Turns: 4478, Time: 00:06:48

Health: 0/49       AC:  7    Str: 13    XL:     6   Next: 82%
Magic:  6/6        EV: 13    Int: 10    God:
Gold:   126        SH:  0    Dex: 20    Spells: 5/5 levels left

rFire   + . .      SeeInvis .   a - +0 spear
rCold   + . .      Faith    .   (no shield)
rNeg    . . .      Spirit   .   t - +0 ring mail
rPois   .          Reflect  .   f - +0 helmet
rElec   .          Harm     .   (no cloak)
rCorr   .          Rampage  .   (no gloves)
Will    .....                   e - +0 pair of boots
Stlth   ++........              (no amulet)
HPRegen 0.16/turn               q - ring "Suhid" {Contam rF+ rC+ Str+2 Dex+2}
MPRegen 0.10/turn               (no ring)

@: invisible
A: no striking features
a: no special abilities


You were in an ossuary.
You visited 1 branch of the dungeon, and saw 4 of its levels.
You also visited: Ossuary.

You collected 159 gold pieces.
You spent 33 gold pieces at shops.

Inventory:

Hand Weapons
 a - a +0 spear (weapon)
Armour
 d - a +0 leather armour
 e - a +0 pair of boots (worn)
 f - a +0 helmet (worn)
 t - a +0 ring mail (worn)
Jewellery
 q - the ring "Suhid" (left hand) {Contam rF+ rC+ Str+2 Dex+2}
   (You found it on level 4 of the Dungeon)

   [ring of protection from cold]

   Str:       It affects your strength (+2).
   Dex:       It affects your dexterity (+2).
   rF:        It protects you from fire.
   rC:        It protects you from cold.
   Contam:    It causes magical contamination when unequipped.
Scrolls
 l - a scroll of vulnerability {unknown}
 m - a scroll of immolation
 o - 3 scrolls of teleportation
 p - a scroll of holy word {unknown}
 r - a scroll of noise {unknown}
 s - a scroll of magic mapping {unknown}
Potions
 i - a potion of lignification
 k - a potion of might {unknown}
 n - 4 potions of attraction


   Skills:
 + Level 4.7 Fighting
 + Level 4.7 Polearms
 + Level 4.7 Dodging
 - Level 2.0 Stealth


You had 5 spell levels left.
You didn't know any spells.
Your spell library was empty.

Dungeon Overview and Level Annotations

Branches:
Dungeon (4/15)            Ossuary (1/1)
 Temple: D:4-7

Altars:
Makhleb

Shops:
D:1 !

Annotations:
D:4 exclusion: ogre


Message History

Reach: a) +0 spear
Press: ? - help, Dir - move target, f - centaur zombie
Aim: a centaur zombie (lightly damaged, wandering, hasn't noticed you, about 9% to evade your +0 spear)
You reach to attack!
You barely miss the centaur zombie.
The centaur zombie is lightly damaged.
Throw: throwing net
Press: ? - help, Q - select action Shift-Dir - straight line, f - mummy, p - centaur zombie
Aim: a mummy (severely damaged, 77% to hit)
You throw a throwing net.
The throwing net barely misses the mummy.
Unknown command.
You hit the mummy but do no damage.
The mummy is severely damaged.
The mummy hits you.
* * * LOW HITPOINT WARNING * * *
You completely miss the mummy.
The mummy is severely damaged.
You strike the helpless mummy from behind!
You hit the mummy.
You destroy the mummy!
You hit the centaur zombie.
The centaur zombie is moderately damaged.
The centaur zombie barely misses you. x2; The centaur zombie misses you.
The centaur zombie closely misses you.
You hit the centaur zombie.
The centaur zombie is moderately damaged.
The centaur zombie hits you but does no damage.
The centaur zombie kicks you.
* * * LOW HITPOINT WARNING * * *
You hit the centaur zombie.
The centaur zombie is heavily damaged.
The centaur zombie hits you but does no damage.
The centaur zombie kicks you.
* * * LOW HITPOINT WARNING * * *
The centaur zombie misses you.
The centaur zombie kicks you but does no damage.
The centaur zombie hits you but does no damage.
The centaur zombie kicks you but does no damage.
The centaur zombie hits you.
You die...

#### #
###########.#.#.#
##................
#..........^...^^.
#.....∩.∩...^.....
#......@Z......^..
##(...............
###########.#.#.#
#### #


You could see a centaur zombie.

Vanquished Creatures
  A scorpion (D:4)
  2 hounds (D:4)
  Jessica (D:3)
  A hound skeleton (D:4)
  3 mummies (Ossuary)
  7 adders
  5 dart slugs
  An orc (D:3)
  3 ball pythons
  3 bats
  6 endoplasms
  3 giant cockroaches
  5 goblins
  6 hobgoblins
  3 jackals (D:4)
  4 quokkas
  3 frilled lizards
  2 hobgoblin zombies (Ossuary)
  8 kobolds
  A quokka zombie (D:4)
  2 rats (D:1)
  A rat zombie (D:4)
71 creatures vanquished.

Vanquished Creatures (others)
  3 plants (D:4)
3 creatures vanquished.

Grand Total: 74 creatures vanquished

Notes
Turn   | Place    | Note
-------+----------+-------------------------------------------
     0 | D:1      | Gabide the Human Monk began the quest for the Orb.
     0 | D:1      | Reached XP level 1. HP: 18/18 MP: 1/1
   353 | D:1      | Reached XP level 2. HP: 24/24 MP: 2/2
   356 | D:1      | Found Ogofo Qus's Distillery.
   404 | D:1      | Bought a potion of curing for 33 gold pieces
   628 | D:1      | Reached XP level 3. HP: 28/29 MP: 3/3
  1038 | D:2      | Found a faded altar of an unknown god.
  1100 | D:2      | Reached XP level 4. HP: 19/36 MP: 4/4
  1619 | D:2      | Found a burning altar of Makhleb.
  2495 | D:3      | Reached XP level 5. HP: 38/42 MP: 5/5
  2627 | D:3      | Noticed Jessica
  2635 | D:3      | Killed Jessica
  3656 | D:4      | Identified the ring "Suhid" {Contam rF+ rC+ Str+2 Dex+2}
  3730 | D:4      | Reached XP level 6. HP: 45/49 MP: 6/6
  3856 | D:4      | Noticed an ogre
  3860 | D:4      | Found a burning altar of Makhleb.
  3860 | D:4      | Noticed an ogre
  4234 | D:4      | Found a sand-covered staircase.
  4365 | Ossuary  | Entered an ossuary
  4438 | Ossuary  | HP: 3/73 [mummy (4)]
  4478 | Ossuary  | Slain by a centaur zombie

Illustrated notes

Levels and vault maps discovered:
D:1:      dpeg_arrival_stonehenge_12_columns, layout_basic, serial_shops,
          nicolae_shop_advertising_works [nicolae_subvault_shop_adworks]
D:2:      layout_rooms, basic_altar, chequers_ecumenical_altar_simple
D:3:      layout_loops_corners, kennysheep_generic_room_16, uniq_jessica
D:4:      layout_basic, nicolae_tso_carved_into_rock,
          mainiacjoe_overflow_cross_hatched, minmay_temple_entry_trees,
          enter_ossuary_4, minivault_19
Ossuary:  ossuary_the_hunt_dpeg

Skill      XL: |  1  2  3  4  5 |
---------------+----------------+-----
Fighting       | 4 |  4.7
Polearms       | 4 |  4.7
Dodging        | 4 |  4.7
Stealth        | |  2.0

Action                   |  1- 3 |  4- 6 || total
-------------------------+-------+-------++-------
Melee: Spear             |   104 |   291 ||   395
       Punch             |       |     4 ||     4
Throw: Throwing net      |       |     3 ||     3
  Use: Potion            |       |     5 ||     5
       Scroll            |       |     5 ||     5
 Stab: Sleeping          |     3 |     4 ||     7
       Held in net/web   |       |     4 ||     4
       Invisible         |       |     1 ||     1
Armor: Leather armour    |    21 |    41 ||    62
       Robe              |     2 |       ||     2
       Skin              |       |    92 ||    92
       Ring mail         |       |    25 ||    25
Dodge: Dodged            |    50 |   185 ||   235
